 Dungeon Crawl Stone Soup version 0.20-a0-899-g09a9bfb (webtiles) character file.

316 mrpyro the Insei (level 6, -4/38 HPs)
             Began as an Octopode Transmuter on Mar 19, 2017.
             Slain by an orc priest
             ... wielding a +0 trident
              (12 damage)
             ... on level 4 of the Dungeon.
             The game lasted 00:06:37 (3387 turns).

mrpyro the Insei (Octopode Transmuter)              Turns: 3387, Time: 00:06:38

Health: -4/38      AC:  1    Str: 10    XL:     6   Next: 44%
Magic:  7/9        EV: 13    Int: 15    God:
Gold:   159        SH:  0    Dex: 14    Spells: 5/9 levels left

rFire    . . .     SeeInvis .     - Unarmed
rCold    . . .     Gourm    .   (no shield)
rNeg     . . .     Faith    .   (helmet restricted)
rPois    .         Spirit   .   (no amulet)
rElec    .         Reflect  .   x - ring of stealth
rCorr    .         Harm     .   (no ring)
MR       .....                  (no ring)
Stlth    ++++......             (no ring)
Regen    0.2/turn               (no ring)
MPRegen  0.2/turn               (no ring)
                                (no ring)
                                (no ring)

@: slowed, very slow
A: almost no armour, stealthy swim, amphibious, 8 rings, constrict 8, camouflage
1, gelatinous body 1
a: no special abilities


You were on level 4 of the Dungeon.
You were hungry.

You visited 1 branch of the dungeon, and saw 4 of its levels.

You collected 159 gold pieces.

Inventory:

Missiles
 a - 17 arrows
Jewellery
 t - an uncursed amulet of faith
 x - a ring of stealth (left tentacle)
Scrolls
 e - a scroll of immolation {unknown}
 i - a scroll of noise {unknown}
 j - a scroll of magic mapping {unknown}
 l - 5 scrolls of teleportation {unknown}
 n - a scroll of fear {unknown}
 q - 3 scrolls of remove curse {unknown}
 s - 2 scrolls of fog {unknown}
 u - 2 scrolls of identify {unknown}
 v - a scroll of enchant armour {unknown}
 w - a scroll of enchant weapon {unknown}
Potions
 d - 4 potions of curing
 f - 3 potions of lignification {unknown}
 g - a potion of mutation {unknown}
 h - a potion of invisibility {unknown}
 m - a potion of heal wounds {unknown}
 p - 3 potions of degeneration {unknown}
 r - a potion of haste {unknown}
Books
 b - a book of Changes

   Spells                             Type                      Level
   a - Beastly Appendage              Transmutation                1
   b - Sticks to Snakes               Transmutation                2
   c - Spider Form                    Transmutation/Poison         3
   d - Ice Form                       Ice/Transmutation            4
   e - Blade Hands                    Transmutation                5
Comestibles
 c - 2 bread rations
 k - a royal jelly
 o - 6 fruits


   Skills:
 - Level 1.0 Fighting
 - Level 2.0 Dodging
 - Level 0.8 Stealth
 + Level 6.5 Unarmed Combat
 - Level 2.1 Spellcasting
 - Level 2.0 Transmutations
 - Level 2.2 Poison Magic


You had 5 spell levels left.
You knew the following spells:

 Your Spells              Type           Power        Failure   Level  Hunger
a - Beastly Appendage     Tmut           #.....       12%         1    #......
c - Spider Form           Tmut/Pois      #.........   30%         3    ###....


Dungeon Overview and Level Annotations

Branches:
Dungeon (4/15)
 Temple: D:4-7

Altars:
Trog

Annotations:
D:3 Grinder


Innate Abilities, Weirdness & Mutations

You cannot wear most types of armour.
You are very stealthy in the water. (Stealth+)
You are amphibious.
You can wear up to eight rings at the same time.
You can use your tentacles to constrict eight enemies at once.
Your skin changes colour to match your surroundings (Stealth+).
Your rubbery body absorbs attacks. (AC +1, EV +1)


Message History

The orc priest barely misses you. The hound bites you.
The orc wizard closely misses you.
The orc priest invokes the aid of Beogh against you.
Beogh smites you!
The jackal barks!
You hit the orc priest.
The orc priest is heavily wounded.
Your transformation has ended.
The hound bites you but does no damage.
The orc wizard gestures at you while chanting.
The magic dart hits you!
* * * LOW HITPOINT WARNING * * *
The hound barely misses you.
The orc priest calls upon Beogh to heal the orc wizard.
The orc wizard is healed somewhat.
It was a potion of curing.
You feel better. The hound bites you.
* * * LOW HITPOINT WARNING * * *
The orc wizard casts a spell at you. You resist with some effort.
The orc priest hits you with a trident!
You die... #........# #.######.# #.######.# #.....##.# ############ #.....##.# #.o.h...o..# #.....##'##### ......#####.#####............# ......'....hhhhoo.>..........# .... .#.#######@#............# hhh

#.# #.#.....#..#####
.o #.#
#####.#.....#..######.
. #.#
#.....#.....#.........
o. #.#
#.....#.....#.########
... #.#
#.....#.....#.........
.. #.#
#.....#.##############
#. ###.#######.#.#
###### #.#
#.........#.#.# #.....


You could see a hound, an orc priest, an orc wizard and 3 jackals.

Vanquished Creatures
  A scorpion (D:4)
  2 orc wizards
  A centaur skeleton (D:4)
  Natasha (D:4)
  3 gnolls (D:3)
  3 adders
  2 oozes
  A worm (D:4)
  4 dart slugs
  3 leopard geckos
  10 orcs
  4 giant cockroaches
  3 goblins
  6 hobgoblins
  A quokka (D:4)
  3 ball pythons (D:3)
  7 bats
  4 frilled lizards
  10 kobolds
  8 rats
77 creatures vanquished.

Notes
Turn   | Place    | Note
-------+----------+-------------------------------------------
     0 | D:1      | mrpyro the Octopode Transmuter began the quest for the Orb.
     0 | D:1      | Reached XP level 1. HP: 13/13 MP: 3/3
   400 | D:1      | Reached XP level 2. HP: 17/18 MP: 3/5
   951 | D:1      | Reached XP level 3. HP: 23/23 MP: 4/6
   956 | D:1      | Learned a level 3 spell: Spider Form
  1143 | D:2      | Reached skill level 1 in Poison Magic
  1410 | D:2      | Reached skill level 4 in Unarmed Combat
  1410 | D:2      | Reached XP level 4. HP: 25/28 MP: 7/7
  1705 | D:3      | Found a bloodstained altar of Trog.
  2080 | D:3      | Reached XP level 5. HP: 19/33 MP: 6/8
  2219 | D:3      | Reached skill level 5 in Unarmed Combat
  2626 | D:3      | Noticed Grinder
  3028 | D:4      | Noticed a phantom
  3034 | D:4      | Noticed Natasha
  3044 | D:4      | Killed Natasha
  3044 | D:4      | Reached XP level 6. HP: 34/38 MP: 6/9
  3094 | D:3      | Reached skill level 6 in Unarmed Combat
  3387 | D:4      | Slain by an orc priest

Vault maps used:
D:1:      dpeg_arrival_shrine, minmay_tree_intersection
D:2:      first_bread
D:3:      lemuel_coloured_pillars_altar, uniq_grinder
D:4:      minivault_11, uniq_natasha

Skill      XL: |  1  2  3  4  5  6 |
---------------+-------------------+-----
Poison Magic   | 2 |  2.2
Unarmed Combat | 4 5 6 |  6.5
Fighting       | |  1.0
Dodging        | |  2.0
Stealth        | |  0.8
Spellcasting   | |  2.1
Transmutations | |  2.0

Action                   |  1- 3 |  4- 6 || total
-------------------------+-------+-------++-------
Melee: Unarmed           |    81 |   104 ||   185
       Constrict         |    23 |    12 ||    35
       Tentacles         |    10 |     9 ||    19
       Kick              |    10 |     5 ||    15
       Punch             |     1 |     2 ||     3
 Cast: Beastly Appendage |    12 |     7 ||    19
       Spider Form       |       |     9 ||     9
 Abil: End Transformatio |       |     1 ||     1
  Use: Potion            |       |     1 ||     1
 Stab: Sleeping          |     7 |     8 ||    15
       Distracted        |       |     1 ||     1
  Eat: Chunk             |     2 |     7 ||     9
Armor: Skin              |    13 |     5 ||    18
Dodge: Dodged            |    50 |    48 ||    98
